 Dungeon Crawl Stone Soup version 0.27.1-2-g3b301248ec (webtiles) character file.

Game seed: 3678667956632852820

49 Borgoz the Ruffian (level 3, -1/33 HPs)
             Began as a Ghoul Monk on Sept 24, 2021.
             Slain by a hobgoblin (2 damage)
             ... led by Robin
             ... on level 2 of the Dungeon.
             The game lasted 00:01:03 (1422 turns).

Borgoz the Ruffian (Ghoul Monk)                     Turns: 1422, Time: 00:01:04

Health: -1/33      AC:  2    Str: 14    XL:     3   Next: 75%
Magic:  2/2        EV: 12    Int:  5    God:
Gold:   49         SH:  0    Dex: 12    Spells: 2/2 levels left

rFire    . . .     SeeInvis .     - Unarmed
rCold    + . .     Faith    .   (no shield)
rNeg     + + +     Spirit   .   a - +0 robe
rPois    ∞         Reflect  .   (no helmet)
rElec    .         Harm     .   (no cloak)
rCorr    .         Rampage  .   (no gloves)
Will     .....                  (no boots)
Stlth    ++........             (no amulet)
HPRegen  0.00/turn              (no ring)
MPRegen  0.08/turn              (no ring)

@: inhibited regen
A: claws 1, cold resistance 1, negative energy resistance 3, inhibited
regeneration, torment resistance 2
a: no special abilities


You were on level 2 of the Dungeon.
You visited 1 branch of the dungeon, and saw 2 of its levels.

You collected 49 gold pieces.

Inventory:

Armour
 a - a +0 robe (worn)
Scrolls
 e - a scroll of teleportation {unknown}
 f - a scroll of torment {unknown}
Potions
 b - 2 potions of flight {unknown}
 c - 2 potions of mutation {unknown}
 d - a potion of degeneration {unknown}


   Skills:
 + Level 3.8 Fighting
 + Level 1.2 Armour
 + Level 3.1 Dodging
 - Level 2.1 Stealth
 + Level 3.8 Unarmed Combat


You had 2 spell levels left.
You didn't know any spells.
Your spell library contained the following spells:

 Spells                   Type           Power      Damage    Failure   Level
 Summon Hydra             Summ           0%         N/A       100%        7
 Sublimation of Blood     Necr           Unusable   N/A       N/A         2
 Wereblood                Tmut           Unusable   N/A       N/A         2

Dungeon Overview and Level Annotations

Branches:
Dungeon (2/15)

Altars:

Shops:
D:1 *

Annotations:
D:2 Robin


Innate Abilities, Weirdness & Mutations

You thrive by killing the living.
You are immune to poison.
You have sharp fingernails.
Your flesh is cold resistant. (rC+)
You are immune to negative energy. (rN+++)
You do not regenerate when monsters are visible.
You are immune to unholy pain and torment.


Message History

You scratch the goblin.
You kill the goblin!
Robin roars a battlecry!
The goblin closely misses you.
You see here a +0 dagger.
You barely miss the goblin.
The goblin no longer looks unusually strong.
The hobgoblin no longer looks unusually strong.
The goblin closely misses you.
You closely miss the goblin.
Robin roars a battlecry!
The goblins go into a battle-frenzy!
The goblin barely misses you.
You completely miss the goblin.
The hobgoblin no longer looks unusually strong.
A goblin comes into view. It is wielding a +0 dagger.
Robin says, "A pitiful Ghoul like you will never find the ORB!"
Robin roars a battlecry!
The hobgoblin goes into a battle-frenzy!
The goblin misses you.
You scratch the goblin. You claw the goblin.
You kill the goblin!
You feel better.
You closely miss the hobgoblin.
A goblin comes into view. It is wielding a +0 club.
The goblin shouts!
The goblin hits you with a +0 dagger. The hobgoblin hits you.
Items here: ( ))) ††.
You barely miss the hobgoblin. The goblin hits you with a +0 dagger.
* * * LOW HITPOINT WARNING * * *
The hobgoblin hits you.
* * * LOW HITPOINT WARNING * * *
An iguana comes into view.
You closely miss the hobgoblin. The goblin hits you with a +0 dagger.
* * * LOW HITPOINT WARNING * * *
The hobgoblin closely misses you. Robin throws the goblin at you!
You closely miss the goblin. The goblin hits you with a +0 dagger.
* * * LOW HITPOINT WARNING * * *
The hobgoblin hits you.
You die...

#...#.# #†.####...#
#...#.# #..........
#...#.# #..........
#..##.# #..........
#..##.#######..####...#
#####..........# ..#
####.##.##.# .#
#gg..##.# # #@#####(
#g#####.# #gg.....#
##.####g########
......gg####....
##g####)l.gggg..
#.#.##g.#. #.#.# #####


You could see an iguana, Robin, 2 hobgoblins and 5 goblins.

Vanquished Creatures
  Natasha (D:2)
  A worm (D:2)
  A bat (D:1)
  An endoplasm (D:1)
  A giant cockroach (D:2)
  A hobgoblin (D:2)
  A quokka (D:1)
  A ball python (D:1)
  9 goblins
  A kobold (D:1)
  A rat (D:1)
19 creatures vanquished.

Vanquished Creatures (others)
  12 plants (D:2)
12 creatures vanquished.

Grand Total: 31 creatures vanquished

Notes
Turn   | Place    | Note
-------+----------+-------------------------------------------
     0 | D:1      | Borgoz the Ghoul Monk began the quest for the Orb.
     0 | D:1      | Reached XP level 1. HP: 19/19 MP: 0/0
    72 | D:1      | Found a faded altar of an unknown god.
   225 | D:1      | Found Mekeagog's General Store.
   554 | D:1      | Reached XP level 2. HP: 17/26 MP: 1/1
   943 | D:2      | Noticed Natasha
   951 | D:2      | Noticed a crimson imp
   954 | D:2      | Killed Natasha
   955 | D:2      | Reached skill level 1 in Armour
   955 | D:2      | Reached XP level 3. HP: 14/33 MP: 2/2
  1385 | D:2      | Noticed Robin
  1422 | D:2      | HP: 1/33 [goblin (1)]
  1422 | D:2      | Slain by a hobgoblin

Illustrated notes

Levels and vault maps discovered:
D:1:      dpeg_arrival_tiny_j, layout_basic,
          hellmonk_ecumenical_altar_slurped_away, serial_shops, shop
D:2:      layout_loops_cross, serial_bayou_pond_c, minmay_goblin_outpost,
          uniq_robin, uniq_crazy_yiuf_cottage, uniq_natasha

Skill      XL: |  1  2 |
---------------+-------+-----
Armour         | 1 |  1.2
Dodging        | 3 |  3.1
Fighting       | |  3.8
Stealth        | |  2.1
Unarmed Combat | |  3.8

Action                   || total
-------------------------++-------
Melee: Unarmed           ||    62
       Punch             ||     1
 Stab: Sleeping          ||     3
Armor: Robe              ||    10
Dodge: Dodged            ||    33
